 Dungeon Crawl Stone Soup version 0.28.0-43-g3370ac3207 (webtiles) character file.

Game seed: 7758985549156115019

824 crimpus the Quickloader (level 8, -4/48 HPs)
             Began as a Kobold Hunter on Mar 28, 2022.
             Was an Initiate of Okawaru.
             Slain by nickcage's ghost (15 damage)
             ... on level 3 of the Dungeon.
             The game lasted 00:07:24 (6863 turns).

crimpus the Quickloader (Kobold Hunter)             Turns: 6863, Time: 00:07:24

Health: -4/48      AC: 10    Str:  8 (10) XL:     8   Next: 17%
Magic:  8/8        EV: 15    Int: 11 (12) God:    Okawaru [......]
Gold:   157        SH:  0    Dex: 14 (17) Spells: 7/7 levels left

rFire   . . .      SeeInvis +   a - +1 hand crossbow
rCold   . . .      Faith    .   (no shield)
rNeg    + . .      Spirit   .   c - +0 leather armour
rPois   .          Reflect  .   (no helmet)
rElec   .          Harm     .   m - +0 cloak
rCorr   .          Rampage  .   h - +0 pair of gloves
Will    .....                   q - +2 pair of boots
Stlth   +++.......              (no amulet)
HPRegen 0.16/turn               i - ring of positive energy
MPRegen 0.11/turn               l - ring of see invisible

@: no status effects
A: small, no large weapons, nightstalker 3, iridescent scales 1
a: Renounce Religion


You were on level 3 of the Dungeon.
You worshipped Okawaru.
Okawaru was noncommittal.
You visited 2 branches of the dungeon, and saw 6 of its levels.

You collected 157 gold pieces.

Inventory:

Hand Weapons
 a - a +1 hand crossbow (weapon)
 b - a +0 short sword
Missiles
 d - 29 bolts (quivered ammo)
Armour
 c - a +0 leather armour (worn)
 h - a +0 pair of gloves (worn)
 m - a +0 cloak (worn)
 q - a +2 pair of boots (worn)
Jewellery
 i - a ring of positive energy (left hand)
 l - a ring of see invisible (right hand)
Wands
 j - a wand of flame (17)
 o - a wand of charming (11)
Scrolls
 e - 2 scrolls of identify
 g - 2 scrolls of noise
 p - a scroll of blinking {unknown}
Potions
 f - a potion of brilliance
 k - a potion of lignification


   Skills:
 * Level 4.4 Fighting
 * Level 9.5 Crossbows
 * Level 4.5 Dodging
 * Level 3.1 Stealth


You had 7 spell levels left.
You didn't know any spells.
Your spell library contained the following spells:

 Spells                   Type           Power      Damage    Failure   Level
 Corpse Rot               Necr/Air       0%         N/A       61%         2
 Conjure Flame            Conj/Fire      0%         6-21      83%         3
 Ignite Poison            Fire/Tmut/Pois 0%         N/A       83%         3
 Dispel Undead            Necr           0%         3d6       99%         4
 Sticky Flame             Conj/Fire      0%         2d3       99%         4
 Death Channel            Necr           Unusable   N/A       N/A         6

Dungeon Overview and Level Annotations

Branches:
Dungeon (5/15)             Temple (1/1) D:5

Altars:
Okawaru
Vehumet
Wu Jian
The Shining One

Shops:
D:4 (

Annotations:
D:3 nickcage's ghost, novice MiFi


Innate Abilities, Weirdness & Mutations

You are small and have problems with some larger weapons.
You are completely attuned to the shadows.
You are partially covered in iridescent scales. (AC +2)


Message History

You shoot a bolt.
Nickcage's ghost turns its malevolent gaze towards you.
The bolt hits nickcage's ghost but does no damage.
You shoot a bolt.
The bolt hits nickcage's ghost but does no damage.
You shoot a bolt.
The bolt barely misses nickcage's ghost.
You shoot a bolt.
The bolt barely misses nickcage's ghost.
Nickcage's ghost mumbles, "They all look like pillowcases to me..."
Nickcage's ghost hits you. Nickcage's ghost burns you.
You shoot a bolt. The bolt hits nickcage's ghost!
Nickcage's ghost is lightly damaged.
Nickcage's ghost hits you but does no damage.
You shoot a bolt. The bolt hits nickcage's ghost.
Nickcage's ghost is moderately damaged.
Nickcage's ghost mumbles, "They all look like pillowcases to me..."
Nickcage's ghost hits you but does no damage.
You shoot a bolt. The bolt hits nickcage's ghost.
Nickcage's ghost is moderately damaged.
Nickcage's ghost hits you! Nickcage's ghost burns you.
You shoot a bolt. The bolt hits nickcage's ghost.
Nickcage's ghost is moderately damaged.
Nickcage's ghost barely misses you.
You shoot a bolt. The bolt hits nickcage's ghost.
Nickcage's ghost is heavily damaged.
Nickcage's ghost mumbles, "They all look like pillowcases to me..."
Nickcage's ghost barely misses you.
You shoot a bolt. The bolt hits nickcage's ghost!
Nickcage's ghost is heavily damaged.
Nickcage's ghost closely misses you.
You shoot a bolt.
The bolt hits nickcage's ghost but does no damage.
Nickcage's ghost is heavily damaged.
Nickcage's ghost hits you!!
* * * LOW HITPOINT WARNING * * *
Nickcage's ghost burns you.
* * * LOW HITPOINT WARNING * * *
It was a potion of curing.
You feel better. Nickcage's ghost hits you!
You die...

####### #†# #..#.# #.##### ## #.#
#.##.# #.##### .# #.# #.##.#
#.#.... .# #.# ##.##.# #.#.### .#
#.###(.(.#########.### .#
#...#.(###..#.#..#.... .#
###.#..# ##..[..##.### .# #.#W.#
#.......#.... .##
#.#@.####.....##.### ..########
#.#....#(......#.###
#.)......#####.#.######'''###....
..######......#....###.....##..##
(## #..####.#.#.# #.........## .#
#.........#.# ###....#.... .#
####.####.###.# #######.## ####
#.........# #.# #.# ..<#
#.##.###### #.# #.#


You could see nickcage's ghost.

Vanquished Creatures
  Sigmund (D:5)
  A vampire (D:5)
  A bullfrog (D:4)
  A scorpion (D:4)
  A centaur zombie (D:3)
  A jelly (D:3)
  A hound (D:5)
  3 centaur skeletons (D:3)
  Jessica (D:3)
  A bullfrog skeleton (D:4)
  2 iguanas
  A hound skeleton (D:5)
  3 adders
  2 worms
  5 dart slugs
  6 orcs
  5 endoplasms
  2 giant cockroaches
  2 goblins (D:1)
  8 hobgoblins
  5 kobolds
  4 quokkas
  6 ball pythons
  5 bats
  A frilled lizard (D:1)
  2 rats
71 creatures vanquished.

Vanquished Creatures (others)
  2 plants (D:4)
2 creatures vanquished.

Grand Total: 73 creatures vanquished

Notes
Turn   | Place    | Note
-------+----------+-------------------------------------------
     0 | D:1      | crimpus the Kobold Hunter began the quest for the Orb.
     0 | D:1      | Reached XP level 1. HP: 12/12 MP: 1/1
    27 | D:1      | Reached skill level 5 in Crossbows
   252 | D:1      | Reached XP level 2. HP: 17/17 MP: 2/2
   892 | D:2      | Found a glowing golden altar of the Shining One.
  1086 | D:2      | Reached XP level 3. HP: 21/21 MP: 3/3
  1236 | D:2      | Found a faded altar of an unknown god.
  1579 | D:2      | Reached skill level 6 in Crossbows
  1814 | D:2      | Reached XP level 4. HP: 25/27 MP: 4/4
  2116 | D:3      | Noticed Jessica
  2117 | D:3      | Killed Jessica
  2146 | D:3      | Found a runed translucent gate.
  2146 | D:3      | Found a runed translucent gate.
  2147 | D:3      | Found a runed translucent gate.
  2175 | D:3      | Reached XP level 5. HP: 29/31 MP: 5/5
  2204 | D:3      | Reached skill level 7 in Crossbows
  2446 | D:3      | Found a radiant altar of Vehumet.
  2631 | D:3      | Reached XP level 6. HP: 33/37 MP: 6/6
  2664 | D:3      | Noticed nickcage's ghost (novice MiFi)
  3528 | D:4      | Reached skill level 8 in Crossbows
  3545 | D:4      | Found Inontisma's Antique Weapon Emporium.
  3569 | D:4      | Found an ornate altar of the Wu Jian Council.
  3577 | D:4      | Noticed a spectral centipede
  3577 | D:4      | Noticed a spectral black mamba
  3577 | D:4      | Noticed a spectral cane toad
  3762 | D:4      | Reached XP level 7. HP: 26/41 MP: 7/7
  4713 | D:5      | Entered Level 5 of the Dungeon
  5120 | D:5      | Noticed Sigmund
  5128 | D:5      | Killed Sigmund
  5129 | D:5      | Reached skill level 9 in Crossbows
  5568 | D:5      | Gained mutation: You are partially covered in iridescent
                  | scales. (AC +2) [potion of mutation]
  5663 | D:5      | Found a staircase to the Ecumenical Temple.
  5821 | D:5      | Noticed a vampire
  5841 | D:5      | Killed a vampire
  5842 | D:5      | Reached XP level 8. HP: 14/48 MP: 8/8
  6192 | Temple   | Entered the Ecumenical Temple
  6230 | Temple   | Became a worshipper of Warmaster Okawaru
  6863 | D:3      | Slain by nickcage's ghost

Illustrated notes

Levels and vault maps discovered:
D:1:      amcnicky_arrival_feature_with_door, layout_loops_ring,
          hangedman_abyss_or_decor_stabs
D:2:      layout_basic, basic_altar, shapermc_ecumenical_altar_mp_ritualfount
D:3:      layout_loops_ring, overflow_temple_1_default,
          gammafunk_ghost_necromancy, uniq_jessica
D:4:      layout_cave_pods, pdpol_wu_jian_five_deadly_venoms, serial_shops,
          nicolae_shop_overgrown_old_shop
D:5:      layout_loops_ring, temple_green, minivault_11,
          minmay_misc_feat_pillars, minmay_misc_feat_rows, minivault_24,
          uniq_sigmund
Temple:   mainiacjoe_temple_cubbyholes

Skill      XL: |  1  2  3  4  5  6  7 |
---------------+----------------------+-----
Crossbows      | 5 6 7 8 9 |  9.5
Stealth        | 2 3 |  3.1
Fighting       | 3 4 |  4.4
Dodging        | 3 4 |  4.5

Action                   |  1- 3 |  4- 6 |  7- 9 || total
-------------------------+-------+-------+-------++-------
 Fire: Hand crossbow     |    57 |    74 |    89 ||   220
  Use: Scroll            |       |     1 |     4 ||     5
       Potion            |       |       |     7 ||     7
Armor: Leather armour    |     3 |    19 |     8 ||    30
       Skin              |       |       |     3 ||     3
Dodge: Dodged            |    13 |    57 |    28 ||    98
